 Dungeon Crawl Stone Soup version 0.30-a0-879-ga8ba668304 (webtiles) character file.

Game seed: 10057218265425726478

30 gelatine the Firebug (level 3, 0/24 HPs)
             Began as a Demonspawn Fire Elementalist on Mar 13, 2023.
             Slain by Terence
             ... wielding a +0 morningstar
              (14 damage)
             ... on level 2 of the Dungeon.
             The game lasted 00:03:13 (1309 turns).

gelatine the Firebug (Demonspawn Fire Elementalist) Turns: 1309, Time: 00:03:13

Health: 0/24       AC:  3    Str:  8    XL:     3   Next: 3%
Magic:  2/6        EV: 12    Int: 18    God:
Gold:   68         SH:  0    Dex: 13    Spells: 5/6 levels left

rFire   . . .      SeeInvis .    m - +1 spear (venom)
rCold   + . .      Faith    .    (no shield)
rNeg    . . .      Spirit   .    a - +0 robe
rPois   .          Reflect  .    (no helmet)
rElec   .          Rampage  .    n - +0 cloak
rCorr   .                        (no gloves)
Will    .....                    (no boots)
Stlth   ++                       (no amulet)
HPRegen 0.24/turn                o - ring of protection from cold
MPRegen 0.10/turn                (no ring)

@: no status effects
A: foul stench 1, sturdy frame 1
a: no special abilities


You were on level 2 of the Dungeon.
You visited 1 branch of the dungeon, and saw 2 of its levels.

You collected 68 gold pieces.

Inventory:

Hand Weapons
 g - a +0 dagger
 l - a +0 short sword
 m - a +1 spear of venom (weapon)
Armour
 a - a +0 robe (worn)
 n - a +0 cloak (worn)
Jewellery
 o - a ring of protection from cold (left hand)
Scrolls
 e - a scroll of immolation {unknown}
 h - a scroll of amnesia {unknown}
 j - a scroll of identify {unknown}
Potions
 b - a potion of magic
 c - a potion of berserk rage {unknown}
 d - 2 potions of curing {unknown}
 f - a potion of heal wounds {unknown}
 i - a potion of lignification {unknown}
 k - a potion of attraction {unknown}


   Skills:
 + Level 2.1 Dodging
 + Level 1.9 Stealth
 + Level 0.1 Unarmed Combat
 + Level 2.4 Spellcasting
 + Level 1.0 Conjurations
 + Level 3.2 Fire Magic


You had 5 spell levels left.
You knew the following spells:

 Your Spells              Type           Power      Damage    Failure   Level
a - Foxfire               Conj/Fire      36%        2x1d5     8%          1

Your spell library contained the following spells:

 Spells                   Type           Power      Damage    Failure   Level
 Scorch                   Fire           26%        2d6       7%          2
 Inner Flame              Hex/Fire       7%         N/A       26%         3
 Kindle Blastsparks       Fire/Tloc/Air  12%        2d11      32%         3
 Flame Wave               Conj/Fire      9%         2d6       58%         4


Dungeon Overview and Level Annotations

Branches:
Dungeon (2/15)

Altars:

Annotations:
D:2 Terence


Innate Abilities, Weirdness & Mutations

You may rarely emit foul miasma when damaged in melee.
Your movements are slightly less encumbered by armour. (ER -2)


Message History

Nothing appears to happen.
You conjure some foxfire!
The frilled lizard bites you.
You hit the frilled lizard.
You kill the frilled lizard!
Your foxfire dissipates!
HP restored.
Your magical contamination has completely faded away.
You see here a frilled lizard corpse.
There is an escape hatch in the floor here.
o - a ring of protection from cold
o - a ring of protection from cold (left hand) As you open the door, it creaks loudly!
You hear a shout! x2
There is an open door here.
A goblin comes into view. It is wielding a +0 dagger.
The goblin shouts!
You conjure some foxfire!
The goblin completely misses you.
A goblin comes into view. It is wielding a +0 dagger.
Terence the Incautious comes into view.
He is wielding a +0 morningstar.
You hit the goblin.
You kill the goblin!
The foxfire hits Terence but does no damage. x2
You conjure some foxfire!
Terence barely misses you.
You hit Terence.
Terence is poisoned.
Terence is lightly wounded.
The foxfire hits Terence.
Terence is moderately wounded.
The foxfire hits Terence.
Terence is moderately wounded.
Terence misses you.
You conjure some foxfire!
Terence barely misses you.
You closely miss Terence.
Terence is heavily wounded.
The foxfire hits Terence.
Terence is severely wounded.
The foxfire hits Terence but does no damage.
Terence is severely wounded.
Terence hits you with a +0 morningstar!
You conjure some foxfire!
Terence hits you with a +0 morningstar!
Ouch! That really hurt!
You die...

..# .# ..# ..#
#.# .. #.#.. #.#.
##.####g.
......v@#####
#####
......v@'...#
#...#
........###.#
#...####........#
#.#
#......#........#
#.#
#......##########
#.# #......# #.#
##......###
#######.#####
#.........#
#...........#
#.###...#.#
#...........#


You could see Terence (very poisoned, ally target) and a goblin (ally target).

Vanquished Creatures
  A dart slug (D:1)
  3 bats (D:1)
  An endoplasm (D:1)
  2 hobgoblins (D:1)
  4 jackals (D:1)
  3 kobolds
  3 quokkas (D:1)
  A ball python (D:2)
  A frilled lizard (D:2)
  3 goblins
  3 rats
25 creatures vanquished.

Vanquished Creatures (others)
  70 foxfires
70 creatures vanquished.

Grand Total: 95 creatures vanquished

Notes
Turn   | Place    | Note
-------+----------+-------------------------------------------
     0 | D:1      | gelatine the Demonspawn Fire Elementalist began the quest
                  | for the Orb.
     0 | D:1      | Reached XP level 1. HP: 13/13 MP: 3/3
   235 | D:1      | Gained mutation: Your movements are slightly less
                  | encumbered by armour. (ER -2) [demonic ancestry]
   235 | D:1      | Reached XP level 2. HP: 19/19 MP: 1/5
   329 | D:1      | Reached skill level 3 in Fire Magic
  1180 | D:2      | Gained mutation: You may rarely emit foul miasma when
                  | damaged in melee. [demonic ancestry]
  1180 | D:2      | Reached XP level 3. HP: 24/24 MP: 4/6
  1303 | D:2      | Noticed Terence
  1309 | D:2      | Slain by Terence

Illustrated notes

Levels and vault maps discovered:
D:1:      mrwooster_arrival_statue, layout_basic
D:2:      layout_basic, uniq_terence

Skill      XL: |  1  2 |
---------------+-------+-----
Fire Magic     | 3 |  3.2
Dodging        | 2 |  2.1
Stealth        | |  1.9
Unarmed Combat | |  0.1
Spellcasting   | |  2.4
Conjurations   | |  1.0

Action                     || total
---------------------------++-------
  Melee: Unarmed           ||    19
         Dagger            ||     2
         Punch             ||     1
         Spear             ||     4
   Cast: Foxfire           ||    42
 Armour: Robe              ||     6
  Dodge: Dodged            ||    39

Table legend: (Time is in decaauts)
 A = Elapsed time spent in this place.
 B = Non-inter-level travel time spent in this place.
 C = Inter-level travel time spent in this place.
 D = Time resting spent in this place.
 E = Time spent auto-exploring this place.
 F = Levels seen in this place.
 G = Mean time per level.
                   A        B        C        D        E       F      G
               +--------+--------+--------+--------+--------+-----+--------+
         Total |   1307 |   1210 |     97 |      0 |   1017 |   2 |  653.5 |
       Dungeon |   1307 |   1210 |     97 |      0 |   1017 |   2 |  653.5 |
               +--------+--------+--------+--------+--------+-----+--------+

Top non-repeatable levels by time:
     D:1: 1114 daAuts
     D:2: 193 daAuts
